 Dungeon Crawl Stone Soup version 0.32-a0-675-gdc239d62e1 (webtiles) character file.

Game seed: 16120481793892522381

38 Shayle the Apothecary (level 3, -4/24 HPs)
             Began as a Coglin Alchemist on Mar 11, 2024.
             Killed by nerve-wracking pain
             ... invoked by Jessica
              (14 damage)
             ... on level 2 of the Dungeon.
             The game lasted 00:06:11 (1050 turns).

Shayle the Apothecary (Coglin Alchemist)            Turns: 1050, Time: 00:06:12

Health: -4/24      AC:  4    Str:  8    XL:     3   Next: 43%
Magic:  6/6        EV: 11    Int: 16    God:
Gold:   34         SH:  0    Dex: 14    Spells: 5/6 levels left

rFire   . . .        e - +0 mace {Jihoo}
rCold   . . .        m - +0 whip {Theobald}
rNeg    . . .        i - +0 leather armour
rPois   .            (no helmet)
rElec   .            (no cloak)
rCorr   .            h - +0 pair of gloves
SInv    .            (no boots)
Will    .....        (amulet unavailable)
Stlth   ++           (ring unavailable)
HPRegen 0.24/turn    (ring unavailable)
MPRegen 0.10/turn    (no gizmo)

%: no passive effects
@: revving
A: off-hand wielding, slow wielding, warmup strikes, no jewellery, subdued magic
1
a: Invent Gizmo


You were on level 2 of the Dungeon.
You visited 1 branch of the dungeon, and saw 2 of its levels.

You collected 34 gold pieces.

Inventory:

Hand Weapons
 e - a +0 mace (weapon) {Jihoo}
 m - a +0 whip (offhand) {Theobald}
Armour
 a - a +0 robe
 h - a +0 pair of gloves (worn)
 i - a +0 leather armour (worn)
Scrolls
 f - a scroll of immolation {unknown}
 j - a scroll of identify {unknown}
 l - a scroll of fear {unknown}
Potions
 b - a potion of magic
 c - a potion of lignification


   Skills:
 + Level 2.2 Dodging
 + Level 2.0 Stealth
 + Level 2.1 Spellcasting
 + Level 1.4 Conjurations
 + Level 3.6 Alchemy


You had 5 spell levels left.
You knew the following spells:

 Your Spells              Type           Power      Damage    Failure   Level
a - Sting                 Conj/Alch      28%        1d4       9%          1

Your spell library contained the following spells:

 Spells                   Type           Power      Damage    Failure   Level
 Mercury Vapours          Alch/Air       10%        N/A       19%         2
 Mephitic Cloud           Conj/Alch/Air  5%         N/A       36%         3
 Olgreb's Toxic Radiance  Alch           10%        N/A       50%         4
 Volatile Blastmotes      Fire/Tloc      2%         2d10      61%         3
 Fulminant Prism          Conj/Alch      3%         3d5       67%         4
 Sticky Flame             Fire/Alch      5%         2d4       77%         4
 Iskenderun's Mystic Bla  Conj/Tloc      3%         2d3       89%         4


Dungeon Overview and Level Annotations

Branches:
Dungeon (2/15)

Altars:

Annotations:
D:2 Jessica


Innate Abilities, Weirdness & Mutations

You can wield a second weapon in your off-hand.
It takes a long time for you to wield or remove held weapons.
Your first few attacks do less damage.
You cannot equip rings or amulets.
Your spells are a little easier to cast, but a little less powerful.


Message History

You hit the ball python with your +0 whip.
The ball python barely misses you. x2; The ball python closely misses you. x2
You sock the ball python with your +0 mace!
You kill the ball python!
You now have 34 gold pieces (gained 4).
A ball python comes into view.
Jessica and a kobold come into view.
Found 11 gold pieces.
Jessica shouts!
Jessica gestures wildly while chanting.
Jessica seems to speed up.
You barely miss the kobold with your +0 whip.
The kobold shouts!
You barely miss the kobold with your +0 mace.
The kobold completely misses you. The ball python barely misses you.
The ball python closely misses you. The kobold closely misses you.
Jessica gestures at you while chanting. Pain shoots through your body!
You hit the ball python with your +0 whip.
The ball python is heavily wounded.
You hit the ball python with your +0 mace.
You kill the ball python!
You barely miss the kobold with your +0 whip.
You barely miss the kobold with your +0 mace.
The kobold barely misses you.
You closely miss the kobold with your +0 whip.
You hit the kobold with your +0 mace.
You kill the kobold!
You barely miss Jessica with your +0 whip.
You hit Jessica with your +0 mace. Jessica hits you with a +0 dagger.
It was a potion of mutation.
You feel extremely strange.
Your connection to magic feels subdued.
Jessica closely misses you. Jessica hits you with a +0 dagger.
* * * LOW HITPOINT WARNING * * *
It was a potion of curing.
You feel better. Jessica misses you.
It was a potion of cancellation.
You feel magically purged. Jessica gestures at you while chanting.
Pain shoots through your body!
Ouch! That really hurt!
You die...

##+###.#####.>...#...#
.......#.....>...#...#
#.....................#
#..#................#.#
#...##............##..#
#...#.#..........#.#..##
.....#.##......##.#....#
#.....##.#....#.##.....##
#.....#.#.#..#.#@#.......
.... .#.##..##.#@....#
.##... ##.......# #....
#.......# #... #.......#
##. #.......# .#......#
#.#.....# # .$...#


You could see Jessica (fast).

Vanquished Creatures
  2 adders (D:2)
  4 ball pythons
  2 giant cockroaches (D:1)
  A goblin (D:1)
  2 hobgoblins
  A kobold (D:2)
  2 quokkas (D:1)
  A bat (D:1)
  A frilled lizard (D:1)
  3 rats
19 creatures vanquished.

Notes
Turn   | Place    | Note
-------+----------+-------------------------------------------
     0 | D:1      | Shayle the Coglin Alchemist began the quest for the Orb.
     0 | D:1      | Reached XP level 1. HP: 13/13 MP: 3/3
   190 | D:1      | Reached skill level 1 in Conjurations
   313 | D:1      | Reached XP level 2. HP: 9/19 MP: 4/4
   874 | D:2      | Reached XP level 3. HP: 13/24 MP: 6/6
  1041 | D:2      | Noticed Jessica
  1048 | D:2      | Gained mutation: Your spells are a little easier to cast,
                  | but a little less powerful. [potion of mutation]
  1050 | D:2      | Killed from afar by Jessica

Illustrated notes

Levels and vault maps discovered:
D:1:      dpeg_arrival_orchard, layout_loops_ring
D:2:      layout_basic, serial_shops, shop, basic_altar, nrook_campfire,
          minmay_misc_feat_secret_circle, uniq_jessica

Skill      XL: |  1  2  3 |
---------------+----------+-----
Conjurations   | 1 |  1.4
Dodging        | 2 |  2.2
Spellcasting   | 2 |  2.1
Stealth        | 2 |  2.0
Alchemy        | |  3.6

Action                     || total
---------------------------++-------
  Melee: Mace              ||    58
         Unarmed           ||     1
         Whip              ||    10
   Cast: Sting             ||     8
    Use: Potion            ||     4
 Armour: Robe              ||    20
         Skin              ||    14
         Leather armour    ||    15
  Dodge: Dodged            ||    48

Table legend: (Time is in decaauts)
 A = Elapsed time spent in this place.
 B = Non-inter-level travel time spent in this place.
 C = Inter-level travel time spent in this place.
 D = Time resting spent in this place.
 E = Time spent auto-exploring this place.
 F = Levels seen in this place.
 G = Mean time per level.
                   A        B        C        D        E       F      G
               +--------+--------+--------+--------+--------+-----+--------+
         Total |   1071 |   1038 |     33 |    109 |    657 |   2 |  535.5 |
       Dungeon |   1071 |   1038 |     33 |    109 |    657 |   2 |  535.5 |
               +--------+--------+--------+--------+--------+-----+--------+

Top non-repeatable levels by time:
     D:1: 739 daAuts
     D:2: 331 daAuts
